 Dungeon Crawl Stone Soup version 0.28.0-43-g3370ac3207 (webtiles) character file.

Game seed: 14168530688736118684

3446 crimpus the Covert (level 10, -12/63 HPs)
             Began as a Kobold Hunter on Mar 26, 2022.
             Mangled by a wyvern (17 damage)
             ... on level 6 of the Dungeon.
             The game lasted 00:12:58 (10677 turns).

crimpus the Covert (Kobold Hunter)                 Turns: 10677, Time: 00:12:58

Health: -12/63     AC:  6    Str: 10    XL:     10   Next: 26%
Magic:  10/10      EV: 23    Int: 14    God:
Gold:   224        SH:  0    Dex: 30    Spells: 9/9 levels left

rFire   . . .      SeeInvis +   l - +8 mace of a sewer {elec, rN+ rCorr Dex+2 SInv}
rCold   . . .      Faith    .   (no shield)
rNeg    + . .      Spirit   .   u - +2 robe {Will+}
rPois   .          Reflect  .   (no helmet)
rElec   .          Harm     .   m - +0 cloak
rCorr   +          Rampage  .   (no gloves)
Will    +....                   k - +0 pair of boots
Stlth   ++++++....              (no amulet)
HPRegen 0.00/turn               e - +6 ring of dexterity
MPRegen 0.12/turn               (no ring)

@: inhibited regen
A: small, no large weapons, nightstalker 3, agile 1, clever 1, inhibited
regeneration, wild magic 1
a: no special abilities


You were on level 6 of the Dungeon.
You visited 2 branches of the dungeon, and saw 8 of its levels.

You collected 224 gold pieces.

Inventory:

Hand Weapons
 a - a +2 vorpal hand crossbow
 b - a +0 short sword
 l - the +8 mace of a sewer (weapon) {elec, rN+ rCorr Dex+2 SInv}
   (You found it on level 3 of the Dungeon)

   It occasionally discharges a powerful burst of electricity upon striking a
   foe.
   Dex:       It affects your dexterity (+2).
   rN:        It protects you from negative energy.
   SInv:      It lets you see invisible.
   rCorr:     It protects you from acid and corrosion.
Missiles
 d - 6 bolts
Armour
 k - a +0 pair of boots (worn)
 m - a +0 cloak (worn)
 u - a +2 robe of willpower (worn)
Jewellery
 e - a +6 ring of dexterity (left hand)
 o - a +6 ring of intelligence
Wands
 j - a wand of mindburst (14)
 v - a wand of flame (31)
 w - a wand of iceblast (10)
Scrolls
 c - a scroll of teleportation
 f - 6 scrolls of identify
 h - 2 scrolls of fog
 p - a scroll of brand weapon
 q - 2 scrolls of fear
 r - 2 scrolls of enchant armour
 t - 2 scrolls of enchant weapon
Potions
 g - a potion of flight
 i - a potion of degeneration
 n - a potion of curing
 s - a potion of resistance
 x - a potion of magic {unknown}
 z - a potion of brilliance {unknown}


   Skills:
 * Level 7.3 Fighting
 - Level 5.3 Short Blades
 * Level 9.4 Crossbows
 - Level 0.3 Armour
 * Level 7.4 Dodging
 * Level 10.6 Stealth


You had 9 spell levels left.
You didn't know any spells.
Your spell library contained the following spells:

 Spells                   Type           Power      Damage    Failure   Level
 Animate Skeleton         Necr           0%         N/A       36%         1
 Apportation              Tloc           0%         N/A       36%         1
 Pain                     Necr           0%         1d4       36%         1
 Summon Small Mammal      Summ           0%         N/A       36%         1
 Conjure Flame            Conj/Fire      0%         6-21      73%         3
 Gell's Gravitas          Tloc           0%         N/A       73%         3
 Ignite Poison            Fire/Tmut/Pois 0%         N/A       73%         3
 Lesser Beckoning         Tloc           0%         N/A       73%         3
 Stone Arrow              Conj/Erth      0%         3d7       73%         3
 Teleport Other           Tloc           0%         N/A       73%         3
 Vampiric Draining        Necr           0%         2d6       73%         3
 Animate Armour           Summ/Erth      0%         N/A       98%         4
 Passage of Golubria      Tloc           0%         N/A       98%         4
 Sticky Flame             Conj/Fire      0%         2d3       98%         4
 Silence                  Hex/Air        0%         N/A       100%        5
 Lehudib's Crystal Spear  Conj/Erth      0%         10d2      100%        8


Dungeon Overview and Level Annotations

Branches:
Dungeon (7/15)             Temple (1/1) D:6

Altars:
Ashenzari
Cheibriados
Dithmenos
Elyvilon
Fedhas
Gozag
Hepliaklqana
Kikubaaqudgha
Makhleb
Nemelex Xobeh
Qazlal
Ru
Sif Muna
Trog
Uskayaw
Vehumet
Wu Jian
Xom
Yredelemnul
Zin
The Shining One

Annotations:
D:4 terff's ghost, novice OpBr


Innate Abilities, Weirdness & Mutations

You are small and have problems with some larger weapons.
You are completely attuned to the shadows.
You are agile. (Dex +2)
Your mind is acute. (Int +2)
You do not regenerate when monsters are visible.
Your spells are a little harder to cast, but a little more powerful.


Message History

You hit the kobold brigand.
Lightning courses through the kobold brigand!
The kobold brigand is almost dead.
The kobold brigand hits you with a +0 whip. x2
You closely miss the kobold brigand.
The kobold brigand is almost dead.
The wyvern hisses menacingly.
The kobold brigand hits you with a +0 whip.
You hit the kobold brigand. Your punch misses the kobold brigand.
The kobold brigand is almost dead.
The kobold brigand closely misses you. The kobold brigand misses you.
You sock the kobold brigand!
You kill the kobold brigand!
The wyvern hisses menacingly.
The wyvern completely misses you. The wyvern bites you.
What are your orders? t - Shout!
Orders for allies: a - Attack new target. r - Retreat! s - Stop attacking. g - Guard the area. f - Follow me.
Anything else - Cancel.
Okay, then.
Unknown command.
The wyvern completely misses you.
The wyvern hisses menacingly.
The wyvern hisses menacingly.
The wyvern completely misses you. The wyvern bites you!
The wyvern completely misses you. The wyvern completely misses you.
The wyvern bites you!
You are too injured to fight recklessly!
You are too injured to fight recklessly!
You hit the wyvern.
The wyvern is lightly wounded.
The wyvern bites you!
* * * LOW HITPOINT WARNING * * *
The wyvern bites you!
You die...

#.# #.. #.# #.#
#.#.#.# #.#.#.#
###############.#.#.#
#...............#.#.#
#.#####...........#.#
#.###....#####....#..
#.#.@.##'# #'##....
#..l###..#...#..###..
#..##.#..#...#..#†##.
##.'.)#..#...#..#..'.
#.##÷# #.C.#).#.##.
#..### #...#..###..
##...####...####...#
###.C..##'##.......
###...).....#####


You could see a wyvern.

Vanquished Creatures
  Pikel (D:5)
  Grinder (D:3)
  Sigmund (D:2)
  A steam dragon (D:6)
  A black bear (D:5)
  An ice beast (D:6)
  A necrophage (D:6)
  2 sky beasts
  4 ogres
  A centaur (D:5)
  A phantom (D:4)
  A kobold brigand (D:6)
  2 bullfrogs (D:6)
  2 wyvern zombies (D:6)
  A scorpion (D:6)
  A water moccasin zombie (D:5)
  4 wights (D:6)
  7 hounds
  7 orc priests
  Crazy Yiuf (D:3)
  A centaur skeleton (D:6)
  2 jellies
  A gnoll shaman (D:4)
  2 iguanas
  2 killer bee zombies (D:6)
  2 hound skeletons
  2 howler monkey zombies
  Robin (D:2)
  6 adders
  4 gnolls
  A white imp (D:5)
  A howler monkey simulacrum (D:6)
  An ufetubus (D:6)
  A dart slug (D:1)
  27 orcs
  5 endoplasms
  4 giant cockroaches
  12 goblins
  13 hobgoblins
  A quokka (D:3)
  8 ball pythons
  5 bats
  6 kobolds
  8 rats
157 creatures vanquished.

Vanquished Creatures (others)
  An orc (D:6)
1 creature vanquished.

Grand Total: 158 creatures vanquished

Notes
Turn   | Place    | Note
-------+----------+-------------------------------------------
     0 | D:1      | crimpus the Kobold Hunter began the quest for the Orb.
     0 | D:1      | Reached XP level 1. HP: 12/12 MP: 1/1
   109 | D:1      | Reached skill level 5 in Crossbows
   109 | D:1      | Reached XP level 2. HP: 18/18 MP: 2/2
   416 | D:1      | Reached XP level 3. HP: 22/22 MP: 3/3
  1426 | D:2      | Noticed Robin
  1429 | D:2      | Killed Robin
  1430 | D:2      | Reached XP level 4. HP: 27/27 MP: 4/4
  2103 | D:2      | Reached skill level 2 in Stealth
  2103 | D:2      | Reached XP level 5. HP: 22/32 MP: 5/5
  2485 | D:2      | Reached skill level 1 in Short Blades
  2610 | D:2      | Noticed Sigmund
  2614 | D:2      | Killed Sigmund
  2615 | D:2      | Reached skill level 3 in Stealth
  2615 | D:2      | Reached XP level 6. HP: 37/37 MP: 6/6
  3349 | D:3      | Found a runed translucent door.
  3352 | D:3      | Noticed Crazy Yiuf
  3357 | D:3      | Killed Crazy Yiuf
  3364 | D:3      | Identified the +8 mace of a sewer {elec, rN+ rCorr Dex+2
                  | SInv}
  3538 | D:3      | Noticed Grinder
  3543 | D:3      | Paralysed by Grinder for 4 turns
  3547 | D:3      | Gained mutation: You are frail. (-10% HP) [potion of
                  | mutation]
  3547 | D:3      | Gained mutation: Your flesh is heat resistant. (rF+)
                  | [potion of mutation]
  3547 | D:3      | Gained mutation: Your spells are a little easier to cast,
                  | but a little less powerful. [potion of mutation]
  3552 | D:3      | Killed Grinder
  3553 | D:3      | Reached skill level 4 in Stealth
  3553 | D:3      | Reached XP level 7. HP: 37/37 MP: 7/7
  3553 | D:3      | Found an opulent altar of Gozag.
  4138 | D:4      | Lost mutation: You are frail. (-10% HP) [potion of
                  | mutation]
  4138 | D:4      | Lost mutation: Your flesh is heat resistant. (rF+) [potion
                  | of mutation]
  4138 | D:4      | Lost mutation: Your spells are a little easier to cast, but
                  | a little less powerful. [potion of mutation]
  4138 | D:4      | Gained mutation: Your mind is acute. (Int +2) [potion of
                  | mutation]
  4138 | D:4      | Gained mutation: Your spells are a little harder to cast,
                  | but a little more powerful. [potion of mutation]
  4138 | D:4      | Gained mutation: You do not regenerate when monsters are
                  | visible. [potion of mutation]
  4138 | D:4      | Gained mutation: You are agile. (Dex +2) [potion of
                  | mutation]
  4213 | D:4      | Reached skill level 5 in Stealth
  4791 | D:4      | Reached XP level 8. HP: 13/48 MP: 8/8
  5915 | D:4      | Found a shadowy altar of Dithmenos.
  5921 | D:4      | Found a stormy altar of Qazlal.
  5923 | D:4      | Found a faded altar of an unknown god.
  5924 | D:4      | Found a faded altar of an unknown god.
  5930 | D:4      | Found a hazy altar of Hepliaklqana.
  5976 | D:5      | Entered Level 5 of the Dungeon
  6018 | D:5      | Noticed Pikel
  6035 | D:5      | Killed Pikel
  6036 | D:5      | Reached skill level 5 in Fighting
  6036 | D:5      | Reached skill level 6 in Stealth
  6041 | D:5      | Reached skill level 5 in Dodging
  6516 | D:5      | Reached XP level 9. HP: 50/54 MP: 9/9
  6583 | D:6      | Found a radiant altar of Vehumet.
  6786 | D:6      | Reached skill level 7 in Stealth
  6837 | D:6      | Found an ancient bone altar of Kikubaaqudgha.
  6868 | D:6      | Reached skill level 5 in Short Blades
  6969 | D:6      | Found a staircase to the Ecumenical Temple.
  6991 | Temple   | Entered the Ecumenical Temple
  8112 | D:6      | Reached skill level 8 in Stealth
  8599 | D:6      | Found a runed translucent gate.
  8600 | D:6      | Found a runed translucent gate.
  8601 | D:6      | Found a runed translucent gate.
  8612 | D:6      | Noticed terff's ghost (novice OpBr)
  9152 | D:5      | Reached skill level 9 in Stealth
 10015 | D:6      | Reached XP level 10. HP: 48/61 MP: 10/10
 10261 | D:6      | Reached skill level 10 in Stealth
 10650 | D:6      | Noticed a cyclops
 10677 | D:6      | Mangled by a wyvern

Illustrated notes

Levels and vault maps discovered:
D:1:      mrwooster_arrival_statue_3, layout_basic,
          amcnicky_mini_rare_corridor_liquid, corexii_corridor_pit
D:2:      layout_loops_corners, minmay_statues_item, minivault_26,
          grunt_ministairs_2, minmay_domino_4, uniq_sigmund, uniq_robin
D:3:      layout_loops_ring, grunt_gozag_breadcrumbs, uniq_crazy_yiuf_cottage,
          uniq_grinder
D:4:      layout_rooms, chequers_temple_overflow_minitemple,
          nicolae_figureground_sparkle
D:5:      layout_loops_cross, uniq_pikel
D:6:      layout_basic, vehumet_altar_wand_db, mainiacjoe_overflow_boulevard,
          minmay_temple_entry_wispy, gammafunk_ghost_necromancy,
          minmay_divided_ellipse
D:7:      layout_basic, grunt_decor_cap, st_stairs_8, uniq_duvessa, uniq_harold,
          uniq_joseph
Temple:   regret_index_temple_waves

Skill      XL: |  1  2  3  4  5  6  7  8  9 10 |
---------------+-------------------------------+-----
Crossbows      | 5 6 7 8 9 |  9.4
Fighting       | 3 4 5 6 7 |  7.3
Dodging        | 3 5 6 7 |  7.4
Stealth        | 2 3 4 5 6 9 10 | 10.6
Short Blades   | 2 3 4 5 |  5.3
Armour         | |  0.3

Action                   |  1- 3 |  4- 6 |  7- 9 | 10-12 || total
-------------------------+-------+-------+-------+-------++-------
Melee: Short sword       |       |    60 |       |       ||    60
       Punch             |       |     1 |     2 |     1 ||     4
       Mace              |       |     3 |   191 |    53 ||   247
 Fire: Hand crossbow     |    48 |    39 |       |       ||    87
  Use: Scroll            |     4 |     4 |     4 |       ||    12
       Potion            |       |     4 |     2 |       ||     6
 Stab: Sleeping          |       |     7 |    16 |     6 ||    29
       Distracted        |       |       |     3 |     1 ||     4
Armor: Leather armour    |     2 |    19 |    33 |       ||    54
       Robe              |       |       |       |     5 ||     5
Dodge: Dodged            |     3 |    61 |   249 |    82 ||   395
